 Dungeon Crawl Stone Soup version 0.30-a0-1016-gfb0d676c02 (webtiles) character file.

Game seed: 17689452455156046346

406 DeathPants the Insei (level 6, 0/70 HPs)
             Began as a Demonspawn Transmuter on Apr 6, 2023.
             Succumbed to Edmund's poison
             ... on level 4 of the Dungeon.
             The game lasted 00:15:06 (4274 turns).

DeathPants the Insei (Demonspawn Transmuter)        Turns: 4274, Time: 00:15:07

Health: 0/70       AC: 23    Str: 13    XL:     6   Next: 56%
Magic:  11/11      EV:  2    Int: 14    God:
Gold:   287        SH:  0    Dex: 13    Spells: 8/11 levels left

rFire   . . .      SeeInvis .      - Unarmed
rCold   . . .      Faith    .    (no shield)
rNeg    . . .      Spirit   .    v - melded +0 steam dragon scales of Depression {Regen+}
rPois   +          Reflect  .    u - melded +0 helmet
rElec   .          Rampage  .    (cloak currently unavailable)
rCorr   .          NoTele   +    l - melded +0 pair of gloves
Will    .....                    (boots currently unavailable)
Stlth   +                        (no amulet)
HPRegen 0.31/turn                (no ring)
MPRegen 0.12/turn                (no ring)

@: confused, lethally poisoned (0 -> -32), tree-form, ambrosia-drunk
A: stationary, stasis, torment immunity, boosted hp, (hooves 1), demonic
guardian 2, powered by pain 1
a: no special abilities


You were on level 4 of the Dungeon.
You were a tree.
You visited 1 branch of the dungeon, and saw 5 of its levels.

You collected 287 gold pieces.

Inventory:

Missiles
 h - 2 poisoned darts
 m - 5 boomerangs
 w - 4 javelins
Armour
 l - a +0 pair of gloves (melded)
 u - a +0 helmet (melded)
 v - the +0 steam dragon scales of Depression (melded) {Regen+}
   (You found it on level 3 of the Dungeon)

   Regen:     It increases your rate of health regeneration.
 y - a +2 tower shield
Jewellery
 o - an amulet of the acrobat
Wands
 q - a wand of charming (6)
Scrolls
 e - a scroll of vulnerability
 f - a scroll of magic mapping
 p - a scroll of fear
 s - a scroll of enchant weapon
Potions
 a - a potion of invisibility {unknown}
 d - 2 potions of mutation
 g - a potion of ambrosia
 i - a potion of brilliance
 k - a potion of cancellation {unknown}
 n - a potion of haste {unknown}
 r - 4 potions of curing {unknown}


   Skills:
 + Level 3.0 Fighting
 + Level 3.2 Dodging
 + Level 3.9 Unarmed Combat
 + Level 3.3 Spellcasting
 + Level 3.2 Transmutations


You had 8 spell levels left.
You knew the following spells:

 Your Spells              Type           Power      Damage    Failure   Level
a - Beastly Appendage     Tmut           22%        N/A       5%          1
b - Wereblood             Tmut           11%        N/A       9%          2

Your spell library contained the following spells:

 Spells                   Type           Power      Damage    Failure   Level
 Spider Form              Tmut/Pois      6%         N/A       32%         3
 Summon Guardian Golem    Hex/Summ       2%         N/A       52%         3
 Ice Form                 Ice/Tmut       6%         N/A       71%         4
 Summon Forest            Summ/Tloc      1%         N/A       99%         5
 Summon Mana Viper        Hex/Summ       2%         N/A       99%         5
 Summon Cactus Giant      Summ           1%         N/A       100%        6
 Orb of Destruction       Conj           1%         9d5       100%        7
 Spellforged Servitor     Conj/Summ      1%         N/A       100%        7


Dungeon Overview and Level Annotations

Branches:
Dungeon (5/15)
 Temple: D:4-7

Altars:
Makhleb
Vehumet
Lugonu

Portals:
Abyss: D:3

Annotations:
D:4 Edmund


Innate Abilities, Weirdness & Mutations

You are a tree.
Your roots penetrate the ground, keeping you stationary.
You cannot be teleported.
You are immune to unholy pain and torment.
Your maximum health is greatly increased.
Your equipment is partially melded.
((You have large cloven feet.))
A demonic guardian rushes to your aid.
You sometimes gain a little power by taking damage.


Message History

Edmund is severely wounded.
You feel very sick. Edmund misses you.
You are confused.
You feel invigorated.
You feel sick. Edmund barely misses you.
You miss Edmund. You headbutt Edmund.
Edmund is severely wounded.
Your transformation is almost over.
You feel sick. Edmund hits you but does no damage.
You are more poisoned.
You barely miss Edmund.
Edmund is severely wounded.
You feel very sick. Edmund hits you but does no damage.
You are more poisoned.
You bump into the rock wall.
You feel very sick.
Edmund hits you with a +0 dire flail of venom.
* * * LOW HITPOINT WARNING * * *
You are lethally poisoned!
You bump into the rock wall.
* * * LOW HITPOINT WARNING * * *
You feel extremely sick. Edmund closely misses you.
You barely miss Edmund. Your kick misses Edmund. Your headbutt misses Edmund.
Edmund is severely wounded.
* * * LOW HITPOINT WARNING * * *
You feel very sick.
Edmund hits you with a +0 dire flail of venom.
* * * LOW HITPOINT WARNING * * *
A demonic guardian appears!
You are more poisoned.
Really quaff the potion of lignification?
Your horns disappear.
Your talons disappear.
Your +0 helmet unmelds from your body.
You turn into a tree.
Your +0 helmet melds into your body.
Your +0 pair of gloves melds into your body.
The +0 steam dragon scales of Depression {Regen+} melds into your body.
Your roots penetrate the ground.
You die...

#.# #################### #.. ..#
#................... #.#####.#
#.################## #.#...#.#
#.# ###....... #.#.#.#.# #.#
#......... #.#.#.#.#
#.#########.#####.## #.#.#.#.#
#.@♣........#....... #†#.#.#.####
#...4##########<#.##
#..........###....##########.#.#
#..#######...................#.#
#..# ### #÷###....############.#
#..#######.# #....)............#
#[.'.._..+.###....###############
#..###.###..##..........# #......
#..# #.# #..............# #.#####


You could see Edmund (ally target) and a friendly hellwing (summoned).

Vanquished Creatures
  2 scorpions (D:4)
  A jelly (D:4)
  A gnoll bouda (D:4)
  2 hounds (D:4)
  5 gnolls (D:4)
  A worm (D:4)
  A dart slug (D:4)
  An orc (D:3)
  9 ball pythons
  5 bats
  4 endoplasms
  7 giant cockroaches
  18 goblins
  11 hobgoblins
  A jackal (D:4)
  7 kobolds
  4 quokkas
  A frilled lizard (D:2)
  4 rats
85 creatures vanquished.

Vanquished Creatures (others)
  2 lurking horrors (D:3)
2 creatures vanquished.

Grand Total: 87 creatures vanquished

Notes
Turn   | Place    | Note
-------+----------+-------------------------------------------
     0 | D:1      | DeathPants the Demonspawn Transmuter began the quest for
                  | the Orb.
     0 | D:1      | Reached XP level 1. HP: 15/15 MP: 3/3
   177 | D:2      | Gained mutation: You have large cloven feet. [demonic
                  | ancestry]
   177 | D:2      | Reached XP level 2. HP: 16/21 MP: 5/5
   856 | D:1      | Learned a level 2 spell: Wereblood
  1345 | D:2      | Reached XP level 3. HP: 19/26 MP: 6/6
  2293 | D:4      | Noticed Edmund
  2299 | D:3      | Found a one-way gate to the infinite horrors of the Abyss.
  2307 | D:3      | Found a corrupted altar of Lugonu.
  2657 | D:3      | Identified the +0 steam dragon scales of Depression
                  | {Regen+}
  2946 | D:3      | Gained mutation: You sometimes gain a little power by
                  | taking damage. [demonic ancestry]
  2946 | D:3      | Reached XP level 4. HP: 33/33 MP: 5/7
  3370 | D:4      | Found a radiant altar of Vehumet.
  3400 | D:4      | Gained mutation: A weak demonic guardian rushes to your
                  | aid. [demonic ancestry]
  3400 | D:4      | Reached XP level 5. HP: 17/38 MP: 6/9
  3550 | D:5      | Entered Level 5 of the Dungeon
  3807 | D:4      | Found a burning altar of Makhleb.
  3825 | D:4      | Gained mutation: A demonic guardian rushes to your aid.
                  | [demonic ancestry]
  3825 | D:4      | Reached XP level 6. HP: 6/46 MP: 8/10
  4274 | D:4      | Succumbed to Edmund's poison

Illustrated notes

Levels and vault maps discovered:
D:1:      tarquinn_simple_flora_water_f, layout_basic, kennysheep_nondescript
D:2:      layout_loops_corners
D:3:      cheibrodos_greedy_goblins, layout_loops_ring,
          nicolae_tso_carved_into_rock, amcnicky_altar_lugonu_corruption
D:4:      minmay_inner_zag, layout_basic, nicolae_vehumet_radiance,
          lemuel_doored_altar, uniq_edmund
D:5:      layout_loops_corners, fedhas_altar_1, jmf_multi_god_temple2,
          nzn_hepliaklqana_mist_gate, chequers_serial_rivers_small_a,
          minmay_small_thing, uniq_grinder

Skill      XL: |  1  2  3  4  5  6 |
---------------+-------------------+-----
Transmutations | 2 3 |  3.2
Dodging        | 2 3 |  3.2
Unarmed Combat | 3 |  3.9
Fighting       | 2 3 |  3.0
Spellcasting   | 3 |  3.3

Action                     |  1- 3 |  4- 6 || total
---------------------------+-------+-------++-------
  Melee: Unarmed           |   156 |   131 ||   287
         Kick              |    34 |    43 ||    77
         Punch             |     5 |     3 ||     8
         Headbutt          |     3 |    25 ||    28
  Throw: Boomerang         |       |    10 ||    10
         Throwing net      |       |     1 ||     1
         Dart              |       |     1 ||     1
   Cast: Beastly Appendage |    20 |    11 ||    31
         Wereblood         |     1 |     1 ||     2
    Use: Scroll            |       |    13 ||    13
         Potion            |       |     4 ||     4
   Stab: Held in net/web   |       |     1 ||     1
 Armour: Robe              |    39 |       ||    39
         Steam dragon scal |    13 |    34 ||    47
         Skin              |       |    17 ||    17
  Dodge: Dodged            |    97 |    81 ||   178

Table legend: (Time is in decaauts)
 A = Elapsed time spent in this place.
 B = Non-inter-level travel time spent in this place.
 C = Inter-level travel time spent in this place.
 D = Time resting spent in this place.
 E = Time spent auto-exploring this place.
 F = Levels seen in this place.
 G = Mean time per level.
                   A        B        C        D        E       F      G
               +--------+--------+--------+--------+--------+-----+--------+
         Total |   4264 |   4050 |    214 |     66 |   3024 |   5 |  852.8 |
       Dungeon |   4264 |   4050 |    214 |     66 |   3024 |   5 |  852.8 |
               +--------+--------+--------+--------+--------+-----+--------+

Top non-repeatable levels by time:
     D:1: 1302 daAuts
     D:4: 1024 daAuts
     D:2: 973 daAuts
     D:3: 957 daAuts
     D:5: 5 daAuts
